 Dungeon Crawl Stone Soup version 0.30.1-11-g7821555f0a (webtiles) character file.

Game seed: 13156626391164670526

11684 lonewolfV2 the Blocker (level 12, -4/95 HPs)
             Began as a Formicid Fighter on Nov 15, 2023.
             Was a High Priest of Okawaru.
             Slain by a 19-headed hydra (10 damage)
             ... on level 9 of the Dungeon.
             The game lasted 00:16:08 (10400 turns).

lonewolfV2 the Blocker (Formicid Fighter)          Turns: 10400, Time: 00:16:09

Health: -4/95      AC: 36    Str: 24    XL:     12   Next: 10%
Magic:  17/17      EV: 12    Int:  5    God:    Okawaru [*****.]
Gold:   619        SH:  9    Dex: 19    Spells: 11/11 levels left

rFire   . . .        H - +5 battleaxe (protect)
rCold   . . .        L - +2 buckler {AC+3}
rNeg    . . .        J - +8 plate armour of Disguise {rElec Str-3 Slay+4}
rPois   .            (helmet unavailable)
rElec   +            z - +1 cloak
rCorr   .            (no gloves)
SInv    +            b - +0 pair of boots
Will    +....        B - amulet of regeneration Stlth
                     h - +5 ring of evasion
HPRegen 1.15/turn    l - +6 ring of dexterity
MPRegen 0.15/turn

%: no passive effects
@: mighty, under a protective aura
A: permanent stasis, dig shafts and tunnels, antennae 3, four strong arms, dopey
1, wild magic 1, MP-powered wands
a: Dig, Shaft Self, Renounce Religion, Heroism, Finesse, Duel


You were on level 9 of the Dungeon.
You worshipped Okawaru.
Okawaru was extremely pleased with you.
You visited 1 branch of the dungeon, and saw 11 of its levels.

You collected 619 gold pieces.

Inventory:

Hand Weapons
 a - a +0 war axe
 t - a +2 scythe of protection
 H - a +5 battleaxe of protection (weapon)
Armour
 b - a +0 pair of boots (worn)
 z - a +1 cloak (worn)
 J - the +8 plate armour of Disguise (worn) {rElec Str-3 Slay+4}
   (Okawaru gifted it to you on level 9 of the Dungeon)

   Str:       It affects your strength (-3).
   Slay:      It affects your accuracy & damage with ranged weapons and melee
   (+4).
   rElec:     It insulates you from electricity.
 L - a +2 buckler of protection (worn)
Jewellery
 e - a ring of flight
 h - a +5 ring of evasion (left hand)
 l - a +6 ring of dexterity (right hand)
 p - a ring of magical power
 y - a ring of ice
 B - an amulet of regeneration (around neck)
 K - a +5 ring of evasion
Wands
 w - a wand of digging (3)
 D - a wand of iceblast (7)
Scrolls
 g - 10 scrolls of teleportation
 i - 6 scrolls of vulnerability
 n - a scroll of summoning
 x - a scroll of magic mapping
 A - a scroll of fog
Potions
 d - a potion of might
 j - 4 potions of brilliance
 k - 2 potions of berserk rage
 m - a potion of attraction
 o - a potion of invisibility
 s - 3 potions of flight
 C - a potion of lignification
 F - 2 potions of haste


   Skills:
 - Level 9.3 Fighting
 + Level 4.7(8.2) Axes
 - Level 10.4(10.8) Maces & Flails
 - Level 9.2 Armour
 - Level 10.4 Shields
 * Level 7.4 Invocations


You had 11 spell levels left.
You didn't know any spells.
Your spell library contained the following spells:

 Spells                   Type           Power      Damage    Failure   Level
 Kiss of Death            Conj/Necr      0%         2d5       100%        1
 Poisonous Vapours        Pois/Air       0%         N/A       100%        2
 Confusing Touch          Hex            0%         N/A       100%        3
 Ignite Poison            Fire/Tmut/Pois 0%         N/A       100%        3
 Inner Flame              Hex/Fire       0%         N/A       100%        3
 Mephitic Cloud           Conj/Pois/Air  0%         N/A       100%        3
 Portal Projectile        Hex/Tloc       0%         N/A       100%        3
 Stone Arrow              Conj/Erth      0%         3d7       100%        3
 Dispel Undead            Necr           0%         3d6       100%        4
 Flame Wave               Conj/Fire      0%         2d4       100%        4
 Leda's Liquefaction      Hex/Erth       0%         N/A       100%        4
 Sticky Flame             Conj/Fire      0%         2d3       100%        4
 Freezing Cloud           Conj/Ice/Air   0%         6-21      100%        5
 Ignition                 Fire           0%         3d3       100%        8
 Lehudib's Crystal Spear  Conj/Erth      0%         10d2      100%        8
 Call Canine Familiar     Summ           Unusable   N/A       N/A         3
 Animate Armour           Summ/Erth      Unusable   N/A       N/A         4

Dungeon Overview and Level Annotations

Branches:
Dungeon (11/15)            Temple (0/1) D:6             Orc (0/2) D:9
   Lair: D:8-11

Altars:
Ashenzari
Gozag
Okawaru
Trog
Xom

Shops:
D:8 [[(

Annotations:
D:6 3 runed translucent doors, lonewolfV2's ghost, novice MiFi
D:8 exclusion: 2 oklob saplings


Innate Abilities, Weirdness & Mutations

You cannot be hasted, slowed, berserked, paralysed or teleported.
You can dig through walls and to a lower floor.
You have a pair of large antennae on your head. (SInv)
Your four strong arms can wield two-handed weapons with a shield.
You are dopey. (Int -2)
Your spells are a little harder to cast, but a little more powerful.
You expend magic power (3 MP) to strengthen your wands.


Message History

The 19-headed hydra bites you but does no damage. x2
You block the 19-headed hydra's attack. The 19-headed hydra closely misses you.
You block the 19-headed hydra's attack.
The 19-headed hydra barely misses you. x2
The 19-headed hydra bites you but does no damage.
The 19-headed hydra closely misses you.
The 19-headed hydra bites you but does no damage.
The two-headed ogre hits you but does no damage.
You block the two-headed ogre's attack.
You feel better. The 19-headed hydra barely misses you.
The 19-headed hydra bites you but does no damage. x3
You block the 19-headed hydra's attack.
The 19-headed hydra bites you but does no damage.
The 19-headed hydra bites you.
* * * LOW HITPOINT WARNING * * *
The 19-headed hydra closely misses you. The 19-headed hydra bites you!
* * * LOW HITPOINT WARNING * * *
The 19-headed hydra barely misses you. x2
The 19-headed hydra bites you but does no damage.
The 19-headed hydra bites you.
* * * LOW HITPOINT WARNING * * *
The 19-headed hydra bites you but does no damage. x5
You block the 19-headed hydra's attack.
You feel better.
You block the 19-headed hydra's attack. x2
The 19-headed hydra bites you but does no damage.
You block the 19-headed hydra's attack. The 19-headed hydra bites you.
* * * LOW HITPOINT WARNING * * *
The 19-headed hydra barely misses you. The 19-headed hydra misses you.
The 19-headed hydra bites you but does no damage. x2
The 19-headed hydra barely misses you. You block the 19-headed hydra's attack.
The 19-headed hydra bites you but does no damage. x5
The 19-headed hydra bites you.
* * * LOW HITPOINT WARNING * * *
The 19-headed hydra bites you but does no damage. x2
The two-headed ogre hits you but does no damage.
The two-headed ogre misses you.
You barely miss the 19-headed hydra.
The 19-headed hydra is almost dead.
You hit the two-headed ogre. You block the 19-headed hydra's attack.
The 19-headed hydra barely misses you. The 19-headed hydra bites you!
You die...

######### ####### #........ #
#.....# #........
####.....######### #........
..##...>......TD@########........
#.##......######O#...............
#.##.......O.÷.....##...........#
#.##.....###.##............)....#
#D####...{...#.#....#.......♣...#
#c## ##.######.#.#.##...........#
YOT####.# #......#...........#
#oo{o...# #.#.#..#....#....##.
.o.####.# #......)....#....##.


You could see a 19-headed hydra, a two-headed ogre and a troll.

Vanquished Creatures
  4 two-headed ogres
  Amaemon (D:8)
  A harpy (shapeshifter) (D:9)
  A cyclops (D:11)
  An orange demon (D:8)
  2 komodo dragons
  A hornet (D:10)
  Prince Ribbit (D:5)
  Sigmund (D:3)
  6 yaks (D:9)
  A wraith (D:10)
  2 wyverns (D:9)
  2 steam dragons
  3 vampire mosquitoes
  Menkaure (D:6)
  Duvessa (D:5)
  3 water moccasins
  3 orc warriors
  2 sky beasts (D:7)
  5 black bears
  3 ogres
  6 centaurs
  A phantom (D:7)
  4 bullfrogs
  A kobold brigand (D:9)
  5 scorpions
  4 wights (D:8)
  Dowan (D:5)
  3 killer bees (D:4)
  6 jellies
  8 howler monkeys
  4 hounds
  Crazy Yiuf (D:5)
  2 gnoll boudas
  4 orc priests
  2 sleepcaps
  7 iguanas
  6 orc wizards
  10 gnolls
  13 adders
  3 white imps
  An ufetubus (D:5)
  4 dart slugs
  17 orcs
  10 ball pythons
  3 endoplasms
  3 giant cockroaches
  5 goblins
  8 hobgoblins
  7 jackals
  A quokka (D:1)
  3 bats
  A frilled lizard (D:1)
  12 kobolds
  3 rats
214 creatures vanquished.

Vanquished Creatures (others)
  2 adders (D:6)
2 creatures vanquished.

Grand Total: 216 creatures vanquished

Notes
Turn   | Place    | Note
-------+----------+-------------------------------------------
     0 | D:1      | lonewolfV2 the Formicid Fighter began the quest for the
                  | Orb.
     0 | D:1      | Reached XP level 1. HP: 18/18 MP: 1/1
   225 | D:1      | Reached XP level 2. HP: 24/24 MP: 2/2
   454 | D:1      | Reached XP level 3. HP: 27/30 MP: 3/3
   726 | D:1      | Found a faded altar of an unknown god.
  1167 | D:2      | Reached XP level 4. HP: 37/37 MP: 4/4
  1241 | D:2      | Identified the +0 leather armour "Vyiwut" {Rampage Regen+
                  | Dex-3 SInv}
  1853 | D:3      | Reached XP level 5. HP: 43/43 MP: 5/5
  2059 | D:3      | Noticed Sigmund
  2068 | D:3      | Killed Sigmund
  2069 | D:3      | Reached skill level 5 in Fighting
  2069 | D:3      | Reached skill level 5 in Armour
  2069 | D:3      | Reached XP level 6. HP: 19/52 MP: 6/6
  2459 | D:3      | Found a broken altar of Ashenzari.
  2716 | D:4      | Reached XP level 7. HP: 58/58 MP: 7/7
  3403 | D:4      | Found an iron altar of Okawaru.
  3412 | D:4      | Found an opulent altar of Gozag.
  3486 | D:4      | Became a worshipper of Warmaster Okawaru
  3669 | D:5      | Entered Level 5 of the Dungeon
  3819 | D:5      | Noticed a water moccasin
  3826 | D:5      | Killed a water moccasin
  3826 | D:5      | Reached * piety under Okawaru
  3827 | D:5      | Reached XP level 8. HP: 40/67 MP: 8/8
  3968 | D:5      | Noticed Dowan
  3989 | D:5      | Killed Dowan
  3991 | D:5      | Noticed Duvessa
  4001 | D:5      | Killed Duvessa
  4147 | D:5      | Identified the +0 pair of gloves of Youthful Indiscretion
                  | {+Inv Dex+2}
  4295 | D:5      | Noticed Prince Ribbit
  4308 | D:5      | Killed Prince Ribbit
  4605 | D:5      | Reached XP level 9. HP: 72/75 MP: 9/9
  4632 | D:5      | Reached ** piety under Okawaru
  4907 | D:5      | Found a runed translucent door.
  4910 | D:5      | Noticed Crazy Yiuf
  5240 | D:5      | Killed Crazy Yiuf
  5336 | D:6      | Reached skill level 1 in Maces & Flails
  5540 | D:6      | Reached skill level 5 in Shields
  5582 | D:6      | Found a staircase to the Ecumenical Temple.
  5616 | D:6      | Found a runed translucent gate.
  5618 | D:6      | Found a runed translucent gate.
  5618 | D:6      | Identified the +1 plate armour "Isaarucu" {+Blink rC- rCorr
                  | MP+9}
  5618 | D:6      | Noticed lonewolfV2's ghost (novice MiFi)
  5619 | D:6      | Found a runed translucent gate.
  5834 | D:6      | Found a shimmering altar of Xom.
  5886 | D:6      | Noticed Menkaure
  5893 | D:6      | Killed Menkaure
  5893 | D:6      | Reached *** piety under Okawaru
  6190 | D:7      | Reached skill level 5 in Maces & Flails
  6289 | D:7      | Reached XP level 10. HP: 48/83 MP: 10/10
  7667 | D:8      | Noticed Amaemon
  7679 | D:8      | Killed Amaemon
  7679 | D:8      | Reached **** piety under Okawaru
  7930 | D:8      | Found Juhous's Antique Weapon Boutique.
  7962 | D:8      | Noticed an orange demon
  7971 | D:8      | Killed an orange demon
  8061 | D:8      | Found Quyfi's Antique Armour Shop.
  8254 | D:8      | Found Pate's Armour Emporium.
  8290 | D:8      | You fall into a shaft and drop 3 floors!
  8296 | D:11     | Noticed a komodo dragon
  8307 | D:11     | Killed a komodo dragon
  8319 | D:11     | Reached XP level 11. HP: 79/89 MP: 11/11
  8344 | D:11     | Noticed a cyclops
  8357 | D:11     | Killed a cyclops
  8413 | D:10     | Entered Level 10 of the Dungeon
  8415 | D:10     | Noticed a two-headed ogre
  8429 | D:10     | Killed a two-headed ogre
  8430 | D:10     | Reached skill level 10 in Maces & Flails
  8430 | D:10     | Reached skill level 10 in Shields
  8431 | D:10     | Reached ***** piety under Okawaru
  8556 | D:10     | Noticed a centaur warrior
  8802 | D:9      | Noticed a two-headed ogre
  8818 | D:9      | Killed a two-headed ogre
  9136 | D:9      | Identified the +8 plate armour of Disguise {rElec Str-3
                  | Slay+4} (Okawaru gifted it to you on level 9 of the
                  | Dungeon)
  9136 | D:9      | Received a gift from Okawaru
  9235 | D:9      | Reached skill level 5 in Invocations
  9255 | D:9      | Noticed a harpy
  9256 | D:9      | Noticed a six-headed hydra
  9257 | D:9      | Noticed a centaur warrior
  9259 | D:9      | Noticed a two-headed ogre
  9260 | D:9      | Killed a harpy
  9260 | D:9      | Noticed a two-headed ogre
  9263 | D:9      | Noticed a two-headed ogre
  9278 | D:9      | HP: 3/89 [13-headed hydra (2)]
  9293 | D:8      | Killed a two-headed ogre
  9634 | D:8      | Reached XP level 12. HP: 62/95 MP: 15/17
 10254 | D:8      | Gained mutation: Your spells are a little harder to cast,
                  | but a little more powerful. [potion of mutation]
 10254 | D:8      | Gained mutation: You are dopey. (Int -2) [potion of
                  | mutation]
 10254 | D:8      | Gained mutation: You expend magic power (3 MP) to
                  | strengthen your wands. [potion of mutation]
 10339 | D:9      | Found a bloodstained altar of Trog.
 10348 | D:9      | Killed a two-headed ogre
 10356 | D:9      | Found a staircase to the Orcish Mines.
 10396 | D:9      | HP: 2/95 [19-headed hydra (3)]
 10400 | D:9      | Slain by a 19-headed hydra

Illustrated notes

Levels and vault maps discovered:
D:1:      psy_arrival_basics, layout_basic, chequers_ecumenical_altar_lobes,
          serial_bayou, serial_bayou_ford_a, serial_bayou_shore_b,
          serial_bayou_pond_e, serial_bayou_shore_a, kennysheep_doodads
D:2:      layout_rooms, eino_tiny_chamber, kennysheep_cluttered_room,
          minmay_octomino_j4
D:3:      layout_loops_ring, mainiacjoe_overflow_alcove_1, corexii_shack,
          uniq_sigmund
D:4:      layout_basic, mainiacjoe_overflow_swirl, kennysheep_another_room
D:5:      layout_basic, uniq_prince_ribbit1, uniq_duvessa,
          uniq_crazy_yiuf_cottage
D:6:      layout_gridville, nicolae_overflow_hidden_temple,
          minmay_temple_entry_stoned_glass, biasface_ghost_orc_armoury,
          uniq_menkaure
D:7:      layout_loops_cross, nicolae_sextant
D:8:      layout_loops_ring, serial_shops, nicolae_shop_rolling_square, shop,
          shop, grunt_ministairs_6, introduction_to_nature_2, uniq_amaemon
D:9:      layout_basic, orc_0_dummy, minmay_ruined_shrine
D:10:     cheibrodos_fzero, layout_rooms, mainiacjoe_overflow_six_doors_small,
          minmay_crystal_water, uniq_harold
D:11:     layout_roguey, grunt_lair_entry_orc_guard_hut, fungi_pond_lemuel

Skill      XL: |  1  2  3  4  5  6  7  8  9 10 11 12 |
---------------+-------------------------------------+-----
Fighting       | 4 5 6 7 8 9 |  9.3
Armour         | 4 5 6 7 8 9 |  9.2
Maces & Flails | 5 8 10 | 10.4
Shields        | 6 9 10 | 10.4
Invocations    | 6 7 |  7.4
Axes           | 4 |  4.7

Action                     |  1- 3 |  4- 6 |  7- 9 | 10-12 || total
---------------------------+-------+-------+-------+-------++-------
  Melee: War axe           |    70 |    75 |       |       ||   145
         Halberd           |       |    28 |   200 |    71 ||   299
         Battleaxe         |       |       |       |   254 ||   254
 Invoke: Heroism           |       |       |       |     1 ||     1
    Use: Scroll            |     5 |     5 |     9 |     5 ||    24
         Potion            |       |       |     2 |    16 ||    18
 Armour: Scale mail        |    45 |    10 |       |       ||    55
         Chain mail        |       |    34 |   185 |    58 ||   277
         Plate armour      |       |       |       |   371 ||   371
  Dodge: Dodged            |    43 |    76 |   235 |   366 ||   720
  Block: Buckler           |    27 |    35 |   150 |   282 ||   494
